 Dungeon Crawl Stone Soup version 0.25-a0-294-gea9b1ad378 (webtiles) character file.

Game seed: 4553613702296888664, levelgen mode: classic

24651 Borgoz the Carver (level 13, -26/189 HPs)
             Began as a Gargoyle Berserker on Dec 19, 2019.
             Was a High Priest of Trog.
             Annihilated by Rupert
             ... wielding a +2 great mace of protection
              (28 damage)
             ... on level 12 of the Dungeon.
             The game lasted 00:31:26 (13406 turns).

Borgoz the Carver (Gargoyle Berserker)             Turns: 13406, Time: 00:31:26

Health: -26/189    AC: 34    Str: 28    XL:     13   Next: 14%
Magic:  13/13      EV:  2    Int: 10    God:    Trog [*****.]
Gold:   1265       SH:  0    Dex: 17    Spells: 12/12 levels left

rFire    . . .     SeeInvis .   a - +0 scimitar (holy)
rCold    . . .     Gourm    .   (no shield)
rNeg     + + +     Faith    .   (armour currently unavailable)
rPois    ∞         Spirit   .   (helmet currently unavailable)
rElec    .         Reflect  .   (cloak currently unavailable)
rCorr    .         Harm     .   (gloves currently unavailable)
MR       .....     NoTele   +   (boots currently unavailable)
Stlth    ..........             Y - amulet of regeneration
HPRegen  0.81/turn              X - ring of Pride {+Fly MR- Str+3 Dex+4}
MPRegen  0.13/turn              B - ring of Robustness {AC+8}

@: berserking, tree-form, studying Unarmed Combat, very quick
A: negative energy resistance 1, petrification resistance, rot immunity, AC +9
a: Berserk, Trog's Hand, Brothers in Arms, Renounce Religion


You were on level 12 of the Dungeon.
You worshipped Trog.
Trog was extremely pleased with you.
You were hungry.
You were a tree.
You visited 1 branch of the dungeon, and saw 13 of its levels.
You also visited: Ice Cave.

You collected 1433 gold pieces.
You spent 168 gold pieces at shops.

Inventory:

Hand Weapons
 a - a +0 scimitar of holy wrath (weapon)
 b - a +5 antimagic great sword
 R - a +2 antimagic triple sword
Armour
 i - a +2 cloak (melded)
 w - the +1 leather armour of the King of the Hill {rPois rC+ Str-2}
   (You found it on level 4 of the Dungeon)

   It affects your strength (-2).
   It protects you from cold.
   It protects you from poison.
 D - a +1 helmet (melded)
 J - a +0 pair of gloves (melded)
 U - a +1 troll leather armour (melded)
Jewellery
 d - a +3 ring of evasion
 k - an uncursed ring of flight
 B - the ring of Robustness (right branch) {AC+8}
   (You found it on level 5 of the Dungeon)

   [ring of protection]

   It affects your AC (+8).
 K - an uncursed ring of protection from cold
 M - an uncursed ring of protection from fire
 P - an uncursed ring of protection from fire
 T - an uncursed ring of see invisible
 X - the ring of Pride (left branch) {+Fly MR- Str+3 Dex+4}
   (You found it in an ice cave)

   [ring of flight]

   It affects your strength (+3).
   It affects your dexterity (+4).
   It affects your resistance to hostile enchantments.
   It lets you fly.
 Y - an amulet of regeneration (around neck)
Wands
 e - a wand of iceblast (8)
 p - a wand of disintegration (11)
 t - a wand of flame (10)
 F - a wand of digging (5)
 Q - a wand of paralysis (2)
Scrolls
 g - 6 scrolls of teleportation
 n - 4 scrolls of blinking
 o - 2 scrolls of magic mapping
 q - 10 scrolls of remove curse
 r - a scroll of enchant armour
 E - a scroll of fog
 N - a scroll of enchant weapon
Potions
 h - 4 potions of mutation
 j - 3 potions of haste
 l - 2 potions of curing
 m - 2 potions of cancellation
 s - 3 potions of brilliance
 u - a potion of resistance
 x - a potion of invisibility
 A - 2 potions of might
 L - a potion of flight {unknown}
 O - a potion of agility
 W - a potion of magic {unknown}
 Z - a potion of degeneration {unknown}
Books
 y - a manual of Unarmed Combat
Comestibles
 c - 20 rations
 z - 8 chunks of flesh


   Skills:
 + Level 11.4 Fighting
 * Level 12.0 Long Blades
 + Level 11.9 Armour
 + Level 9.3 Dodging


You had 12 spell levels left.
You didn't know any spells.
Your spell library was empty.

Dungeon Overview and Level Annotations

Branches:
Dungeon (13/15) Temple (0/1) D:7 Lair (0/6) D:9 Orc (0/2) D:9 Vaults (0/5) D:12 D:13 IceCv (visited)

Altars:
Cheibriados
Fedhas
Gozag
Kikubaaqudgha
Ru
Sif Muna
Trog

Shops:
D:6 (?((   D:10 [   D:11 :

Annotations:
D:12 Rupert
D:13 Nessos, Urug


Innate Abilities, Weirdness & Mutations

You are resistant to torment.
((Your stone body is resilient. (AC +9)))
You are immune to poison.
You resist negative energy. (rN+)
((You are resistant to electric shocks. (rElec)))
((You can survive without breathing.))
You are immune to petrification.
You are immune to rotting.


Message History

The human is severely wounded.
The human hits you but does no damage.
Rupert hits you with a +2 great mace of protection!
* * * LOW HITPOINT WARNING * * *
The human hits you but does no damage.
You slice Rupert!!
Rupert is severely wounded.
The troll bites you!
* * * LOW HITPOINT WARNING * * *
The troll claws you but does no damage. x2
The human hits you but does no damage. Rupert hits you but does no damage.
The human hits you but does no damage.
You are too berserk!
You hit Rupert but do no damage.
Rupert is severely wounded.
The human hits you but does no damage.
You barely miss Rupert.
Rupert is severely wounded.
Rupert hits you with a +2 great mace of protection!!
You die...

#####..#####.#[.......
##..#..#...###........
#...........#.......##
#####...##.............#.
#...#..###....#.......###
#.............#.......###
##...###.#...............
###>.#p@#...............
#...T♣#...............
##...pp#...............
#..................###.
##...#..........8.##...
##...#.................
#.....##...............
#......................
#......................
##...#.................


You could see Rupert (berserk), a troll and 3 humans.

Vanquished Creatures
  2 ice dragons (IceCv)
  A two-headed ogre (D:11)
  Sonja (D:11)
  A deep elf mage (D:12)
  Pikel (D:4)
  4 ugly things (D:11)
  2 cyclopes (D:11)
  2 ice statues (IceCv)
  2 gargoyles (D:11)
  2 rime drakes (IceCv)
  A queen bee (D:11)
  A troll (D:12)
  2 hornets
  7 hippogriffs
  9 yaks
  13 humans (D:12)
  A spriggan (D:7)
  2 wraiths (D:11)
  2 hungry ghosts
  A steam dragon (D:11)
  Menkaure (D:5)
  3 acid dragons
  4 slaves (D:4)
  3 sky beasts
  5 orc warriors
  17 ice beasts
  5 phantoms
  10 ogres
  4 centaurs
  3 big kobolds
  A gnoll sergeant (D:10)
  11 bullfrogs
  A scorpion (D:12)
  32 killer bees
  5 wights (D:11)
  2 howler monkeys
  4 crimson imps
  A centaur zombie (D:7)
  2 quasits
  A bullfrog zombie (D:11)
  3 jellies
  14 orc wizards
  Crazy Yiuf (D:3)
  A gnoll shaman (D:6)
  9 orc priests
  2 centaur skeletons
  6 hounds
  Jessica (D:2)
  7 worker ants
  Natasha (thrice) (D:2)
  2 iguanas (D:8)
  A hound zombie (D:11)
  7 gnolls
  9 adders
  4 shadow imps
  12 white imps (D:12)
  2 oozes
  4 adder skeletons
  4 worms
  3 dart slugs
  8 leopard geckos
  35 orcs
  5 bats
  5 giant cockroaches
  7 goblins
  12 hobgoblins
  16 jackals
  20 kobolds
  4 quokkas
  3 frilled lizards
  2 jackal skeletons
  A leopard gecko skeleton (D:8)
  A quokka skeleton (D:6)
  9 rats
395 creatures vanquished.

Vanquished Creatures (others)
  An unseen horror (D:11)
  A killer bee (D:11)
  3 kobolds (D:12)
5 creatures vanquished.

Grand Total: 400 creatures vanquished

Notes
Turn   | Place    | Note
-------+----------+-------------------------------------------
     0 | D:1      | Borgoz the Gargoyle Berserker began the quest for the Orb.
     0 | D:1      | Reached XP level 1. HP: 14/14 MP: 1/1
   244 | D:1      | Reached XP level 2. HP: 19/19 MP: 2/2
   377 | D:1      | Reached skill level 3 in Long Blades
   647 | D:1      | Reached ** piety under Trog
   647 | D:1      | Reached XP level 3. HP: 23/23 MP: 3/3
   872 | D:2      | Noticed Natasha
   878 | D:2      | Killed Natasha
   878 | D:2      | Reached XP level 4. HP: 28/28 MP: 4/4
  1018 | D:2      | Noticed Natasha
  1031 | D:2      | Killed Natasha
  1040 | D:2      | Noticed Natasha
  1053 | D:2      | Killed Natasha
  1053 | D:2      | Reached XP level 5. HP: 17/32 MP: 5/5
  1291 | D:2      | Noticed Jessica
  1313 | D:2      | Killed Jessica
  1540 | D:2      | Found a sacrificial altar of Ru.
  1634 | D:3      | Noticed a phantom
  1655 | D:3      | Killed a phantom
  1655 | D:3      | Reached skill level 4 in Long Blades
  1655 | D:3      | Reached XP level 6. HP: 28/37 MP: 6/6
  1746 | D:3      | Reached *** piety under Trog
  1847 | D:3      | Found a faded altar of an unknown god.
  1848 | D:3      | Noticed a hippogriff
  1863 | D:3      | Killed a hippogriff
  1863 | D:3      | Reached XP level 7. HP: 32/41 MP: 7/7
  2051 | D:3      | Reached skill level 5 in Armour
  2450 | D:3      | Found a runed translucent door.
  2451 | D:3      | Noticed Crazy Yiuf
  2618 | D:3      | Found an opulent altar of Gozag.
  2811 | D:3      | Killed Crazy Yiuf
  2811 | D:3      | Reached skill level 5 in Long Blades
  3013 | D:4      | Reached XP level 8. HP: 21/46 MP: 8/8
  3225 | D:4      | Got a jewelled leather armour
  3236 | D:4      | Identified the +1 leather armour of the King of the Hill
                  | {rPois rC+ Str-2} (You found it on level 4 of the Dungeon)
  3286 | D:4      | Found a shimmering blue altar of Sif Muna.
  3301 | D:4      | Noticed Pikel
  3366 | D:4      | Killed Pikel
  3366 | D:4      | Reached skill level 5 in Dodging
  3517 | D:4      | Reached skill level 6 in Long Blades
  3872 | D:4      | Found a snail-covered altar of Cheibriados.
  3975 | D:5      | Entered Level 5 of the Dungeon
  3975 | D:5      | Noticed Menkaure
  3984 | D:5      | Killed Menkaure
  4166 | D:5      | Reached XP level 9. HP: 14/51 MP: 9/9
  4496 | D:5      | Found the ring of Robustness {AC+8}
  4541 | D:5      | Found an ancient bone altar of Kikubaaqudgha.
  4545 | D:5      | You fall into a shaft and drop 1 floor!
  4546 | D:6      | Found Nydi's Antique Weapon Emporium.
  4576 | D:6      | Found Joxeur's Antique Weapon Boutique.
  4624 | D:6      | Bought a glowing scimitar for 168 gold pieces
  5422 | D:6      | Found Guchis's Magic Scroll Boutique.
  5434 | D:6      | Reached skill level 8 in Long Blades
  5434 | D:6      | Reached XP level 10. HP: 65/65 MP: 10/10
  5464 | D:6      | Reached **** piety under Trog
  5746 | D:6      | Found Pushibebb's Antique Weapon Shoppe.
  6439 | D:6      | Found a bloodstained altar of Trog.
  6861 | D:7      | Reached ***** piety under Trog
  6861 | D:7      | Received a gift from Trog
  6941 | D:7      | Found a blossoming altar of Fedhas.
  6988 | D:7      | Noticed a moth of wrath
  6991 | D:7      | Found a bloodstained altar of Trog.
  7095 | D:7      | Found a staircase to the Ecumenical Temple.
  7247 | D:8      | Reached skill level 9 in Long Blades
  7273 | D:8      | Reached skill level 10 in Armour
  7331 | D:8      | Reached XP level 11. HP: 67/71 MP: 11/11
  8286 | D:9      | Received a gift from Trog
  8574 | D:9      | Found a staircase to the Orcish Mines.
  8639 | D:9      | Found a staircase to the Lair.
  9033 | D:10     | Entered Level 10 of the Dungeon
  9797 | D:10     | Found Byof's Armour Shop.
  9995 | D:11     | Found Qenuan's Book Emporium.
 10033 | D:11     | Noticed a cyclops
 10049 | D:11     | Killed a cyclops
 10049 | D:11     | Reached skill level 10 in Fighting
 10049 | D:11     | Reached skill level 10 in Long Blades
 10383 | D:11     | Noticed a white ugly thing
 10386 | D:11     | Noticed a two-headed ogre
 10396 | D:11     | Killed a white ugly thing
 10407 | D:11     | Killed a two-headed ogre
 10520 | D:11     | Found a blossoming altar of Fedhas.
 10532 | D:11     | Noticed Sonja
 10537 | D:11     | Killed Sonja
 10833 | D:11     | Noticed a brown ugly thing
 10850 | D:11     | Killed a brown ugly thing
 10850 | D:11     | Reached XP level 12. HP: 78/78 MP: 12/12
 11533 | D:11     | Reached skill level 11 in Long Blades
 11559 | D:11     | Received a gift from Trog
 11614 | D:11     | Noticed a seven-headed hydra
 11617 | D:11     | Noticed a death knight
 11967 | D:12     | Found a frozen archway.
 12066 | IceCv    | Entered an ice cave
 12528 | IceCv    | Noticed an ice dragon
 12547 | IceCv    | Killed an ice dragon
 12585 | IceCv    | Noticed an ice dragon
 12617 | IceCv    | Killed an ice dragon
 12662 | IceCv    | Got a pitted jade ring
 12701 | IceCv    | Identified the ring of Pride {+Fly MR- Str+3 Dex+4} (You
                  | found it in an ice cave)
 12857 | D:12     | Reached XP level 13. HP: 84/84 MP: 13/13
 13008 | D:12     | Identified a scroll of acquirement
 13009 | D:12     | Got a pair of distressingly furry gloves
 13020 | D:12     | Identified the +1 pair of gloves of the Known World {rElec
                  | rPois rF-} (You acquired it on level 12 of the Dungeon)
 13247 | D:13     | Found a gate to the Vaults.
 13247 | D:13     | Noticed Urug
 13247 | D:13     | Noticed Nessos
 13247 | D:13     | Noticed Rupert
 13271 | D:12     | Received a gift from Trog
 13377 | D:12     | Reached skill level 12 in Long Blades
 13403 | D:12     | HP: 8/189 [Rupert/+2 great mace of protection (10)]
 13404 | D:12     | HP: 1/189 [troll (7)]
 13406 | D:12     | Annihilated by Rupert

Levels and vault maps discovered:
D:1:      co_arrival_random_square_maze, layout_loops_ring
D:2:      layout_basic, nicolae_ru_path_of_blood, serial_glass, glass_columns_b,
          glass_columns_c, item_on_display_a, minmay_strange_pillars,
          minmay_strange_pillars, due_unseen_surprise, uniq_jessica,
          uniq_natasha
D:3:      layout_loops_ring, nicolae_gozag_seed_capital,
          chequers_ecumenical_altar_simple, uniq_crazy_yiuf_cottage
D:4:      layout_loops_ring, kennysheep_slug_shrine, led_sif_book,
          eino_small_chamber_without_monster, uniq_pikel
D:5:      layout_layer_cave, kiku_gazebo_garden_becter, first_ration,
          uniq_menkaure
D:6:      layout_basic, lightli_temple_of_fire, serial_shops, shop_coins, shop,
          shop_scrolls, shop_fountains, minmay_manual_mullet
D:7:      layout_cave_pools, fedhas_bush_and_centaur_altar,
          lemuel_temple_firewalk_b, the_bakery, tgw_trog
D:8:      layout_basic
D:9:      layout_long_grid, lair_entry_dummy, david_orc_2
D:10:     layout_long_grid, serial_shops, shop
D:11:     regret_index_combs_of_tragedy, layout_stronghold, serial_shops,
          nicolae_shop_crystal, basic_altar, moated_statue, uniq_sonja
D:12:     layout_cave_pools, serial_column_ruins, column_ruins_open_small,
          column_ruins_corridor_dead_end, column_ruins_grid_1,
          column_ruins_columns_T, column_ruins_open_tiny, column_ruins_grid_1,
          portal_ice_cave_entry_imps, minivault_23
D:13:     layout_basic, david_vaults_3, grunt_nemelex_the_gamble

Skill      XL: |  1  2  3  4  5  6  7  8  9 10 11 12 13 |
---------------+----------------------------------------+-----
Long Blades    | 3 4 5 6 8 9 10 11 12 | 12.0
Dodging        | 2 3 4 5 7 8 9 |  9.3
Armour         | 3 4 5 7 9 10 11 | 11.9
Fighting       | 8 9 10 11 | 11.4

Action                   |  1- 3 |  4- 6 |  7- 9 | 10-12 | 13-15 || total
-------------------------+-------+-------+-------+-------+-------++-------
Melee: Falchion          |    79 |   131 |   122 |       |       ||   332
       Long sword        |       |       |    78 |       |       ||    78
       Scimitar          |       |       |    15 |  1173 |   102 ||  1290
Invok: Berserk           |     1 |     2 |     7 |     8 |     1 ||    19
       Trog's Hand       |       |       |     2 |     2 |       ||     4
Evoke: Wand              |       |       |    12 |     5 |       ||    17
  Use: Scroll            |       |       |     9 |    11 |     9 ||    29
       Potion            |       |       |     1 |     5 |     2 ||     8
 Stab: Paralysed         |       |       |       |     4 |       ||     4
  Eat: Chunk             |       |     5 |    15 |    29 |     3 ||    52
       Ration            |       |       |     1 |     3 |       ||     4
Armor: Animal skin       |    15 |       |       |       |       ||    15
       Ring mail         |    20 |    43 |   100 |   540 |       ||   703
       Leather armour    |       |       |       |    84 |       ||    84
       Troll leather arm |       |       |       |    35 |    84 ||   119
       Skin              |       |       |       |       |    82 ||    82
Dodge: Dodged            |    79 |   110 |   216 |  1251 |   160 ||  1816
       Rpst.: Falchion   |    30 |    24 |    45 |       |       ||    99
       Long sword        |       |       |    17 |       |       ||    17
       Scimitar          |       |       |     9 |   329 |    51 ||   389
       Great sword       |       |       |       |       |     2 ||     2

Table legend:
 A = Non-vault XP
 B = Vault XP
 C = Vault XP percentage of total XP
 D = Non-vault monster count
 E = Vault monster count
 F = Vault count percentage of total count
                 A         B        C        D         E       F
            +---------+---------+-------+---------+---------+-------
      Total |   16859 |   15772 |  48.3 |     281 |     113 |  28.7
            +---------+---------+-------+---------+---------+-------
        D:1 |      52 |       0 |   0.0 |      27 |       0 |   0.0
        D:2 |     134 |      72 |  35.0 |      21 |       2 |   8.7
        D:3 |     655 |      41 |   5.9 |      30 |       1 |   3.2
        D:4 |     265 |     688 |  72.2 |       5 |       4 |  44.4
        D:5 |     361 |     165 |  31.4 |      14 |       1 |   6.7
        D:6 |    1037 |     305 |  22.7 |      32 |       7 |  17.9
        D:7 |    1237 |     324 |  20.8 |      21 |       7 |  25.0
        D:8 |    1822 |       0 |   0.0 |      35 |       0 |   0.0
        D:9 |    1377 |     146 |   9.6 |      21 |       8 |  27.6
       D:10 |    2442 |       0 |   0.0 |      23 |       0 |   0.0
       D:11 |    4796 |    5881 |  55.1 |      27 |      38 |  58.5
       D:12 |    2681 |    2702 |  50.2 |      25 |      25 |  50.0
      IceCv |       0 |    5448 | 100.0 |       0 |      20 | 100.0
            +---------+---------+-------+---------+---------+-------
